 Dungeon Crawl Stone Soup version 0.19.4 (webtiles) character file.

548 Gargoyl the Skirmisher (level 7, -2/60 HPs)
             Began as a Ghoul Abyssal Knight on Jan 30, 2017.
             Was a Priest of Lugonu.
             Slain by a hornet zombie (4 damage)
             ... on level 5 of the Dungeon.
             The game lasted 00:07:09 (4039 turns).

Gargoyl the Skirmisher (Ghoul Abyssal Knight)       Turns: 4039, Time: 00:07:09

Health: -2/60      AC: 14    Str: 16    XL:     7   Next: 28%
Magic:  8/8        EV:  4    Int:  7    God:    Lugonu [***...]
Gold:   147        SH:  3    Dex: 10    Spells: 0 memorised, 6 levels left

rFire  . . .     SeeInvis .     a - +2 hand axe (flame)
rCold  + . .     Gourm    .     s - +0 plate armour
rNeg   + + +     Faith    .     j - +0 buckler
rPois  ∞         Spirit   .     t - +0 helmet
rElec  .         Reflect  .     e - +0 cloak
rCorr  .         Harm     .     (no gloves)
MR     .....                    (no boots)
Stlth  ..........               (no amulet)
                                (no ring)
                                (no ring)

@: rotting
A: rotting body, claws 1, carnivore 3, cold resistance 1, negative energy
resistance 3, slow regeneration 1, torment resistance, unbreathing
a: Depart the Abyss, Bend Space, Banish, Renounce Religion


You were on level 5 of the Dungeon.
You worshipped Lugonu.
Lugonu was most pleased with you.
You were not hungry.

You visited 1 branch of the dungeon, and saw 5 of its levels.
You visited the Abyss 1 time.

You collected 147 gold pieces.

Inventory:

Hand Weapons
 a - a +2 hand axe of flaming (weapon)
Missiles
 k - 3 javelins (quivered)
 p - 5 tomahawks
Armour
 e - a +0 cloak (worn)
 j - a +0 buckler (worn)
 s - a +0 plate armour (worn)
 t - a +0 helmet (worn)
Jewellery
 d - an uncursed ring of flight {unknown}
Wands
 l - a wand of iceblast (9/15)
 m - a wand of flame (6/48)
Scrolls
 f - a scroll of teleportation
 r - a scroll of magic mapping
Potions
 b - 2 potions of curing
 h - a potion of flight
 n - 4 potions of haste
 o - a potion of agility
 q - a potion of magic
Comestibles
 c - 4 meat rations
 g - a chunk of flesh


   Skills:
 + Level 4.8 Fighting
 + Level 3.6 Axes
 * Level 4.3 Armour
 + Level 1.4 Dodging
 + Level 1.1 Shields
 * Level 3.6 Invocations


You had 6 spell levels left.
You didn't know any spells.

Dungeon Overview and Level Annotations

Branches:
Dungeon (5/15)
 Temple: D:4-7

Altars:
Dithmenos
Kikubaaqudgha
Sif Muna
Yredelemnul
The Shining One


Innate Abilities, Weirdness & Mutations

Your body is rotting away.
You thrive on raw meat.
You are immune to poison.
You have sharp fingernails.
You are carnivorous and can eat meat at any time.
Your flesh is cold resistant. (rC+)
You are immune to negative energy. (rN+++)
You regenerate slowly when monsters are visible.
You are immune to unholy pain and torment.
You can survive without breathing.


Message History

The orc priest is heavily wounded.
You hit the hornet zombie. You burn the hornet zombie.
The hornet zombie hits you.
The orc priest invokes the aid of Beogh against you.
Beogh smites you!
* * * LOW HITPOINT WARNING * * *
You hit the orc priest. You burn the orc priest.
The orc priest is almost dead.
You hit the hornet zombie but do no damage.
The hornet zombie hits you but does no damage.
The orc priest begins to cast a cantrip, but forgets the words!
The orc wizard mumbles some strange words.
The orc wizard blinks!
The hornet zombie hits you.
* * * LOW HITPOINT WARNING * * *
You closely miss the orc priest.
The orc priest is almost dead.
You closely miss the hornet zombie.
The orc priest hits you but does no damage.
The hornet zombie hits you.
You die...

#.. .... ..
#... .. .
..#..# .#.#
.#... .#.#
...##...##
######.........
#..o.......#
#......@...#
#.....oZ...#
#.....#....#
#.....#$...#
#.....#........
#.#+###.##.....
# ..# ......
... ...... ....
......


You could see an orc priest, an orc wizard and a hornet zombie.

Vanquished Creatures
  The ghost of JykeThePerson the Ruffian, an amateur TrMo of Sif Muna (D:4)
  A phantom (D:4)
  An ogre (D:4)
  A scorpion (D:4)
  Crazy Yiuf (D:3)
  Ijyb (D:2)
  Robin (D:3)
  5 adders
  2 worms
  An adder skeleton (D:4)
  3 dart slugs
  3 leopard geckos
  9 orcs
  2 ball pythons
  5 giant cockroaches
  15 goblins
  14 hobgoblins
  4 jackals (D:5)
  9 bats
  4 frilled lizards
  6 kobolds
  5 rats
94 creatures vanquished.

Notes
Turn   | Place    | Note
-------+----------+-------------------------------------------
     0 | Abyss:1  | Gargoyl the Ghoul Abyssal Knight began the quest for the Orb.
     0 | Abyss:1  | Reached XP level 1. HP: 19/19 MP: 1/1
    86 | Abyss:1  | Found a corrupted altar of Lugonu.
   133 | Abyss:1  | Noticed a large abomination
   212 | Abyss:2  | Noticed a worldbinder
   212 | D:1      | Escaped the Abyss
   246 | D:1      | Reached * piety under Lugonu
   290 | D:1      | Reached XP level 2. HP: 26/26 MP: 2/2
   682 | D:1      | Reached skill level 1 in Dodging
   856 | D:2      | Reached XP level 3. HP: 23/32 MP: 3/3
  1001 | D:2      | Found a shadowy altar of Dithmenos.
  1001 | D:2      | Found a glowing golden altar of the Shining One.
  1001 | D:2      | Found an ancient bone altar of Kikubaaqudgha.
  1119 | D:2      | Noticed Ijyb
  1141 | D:2      | Killed Ijyb
  1190 | D:2      | Reached XP level 4. HP: 39/40 MP: 4/4
  1390 | D:2      | Found a faded altar of an unknown god.
  1500 | D:2      | Reached ** piety under Lugonu
  1740 | D:3      | Found a runed door.
  1744 | D:3      | Noticed Crazy Yiuf
  1751 | D:3      | Killed Crazy Yiuf
  1751 | D:3      | Reached XP level 5. HP: 38/47 MP: 6/6
  1886 | D:3      | Found a deep blue altar of Sif Muna.
  2053 | D:3      | Noticed Robin
  2086 | D:3      | Killed Robin
  2498 | D:4      | Found a basalt altar of Yredelemnul.
  2611 | D:4      | Noticed JykeThePerson's ghost (amateur TrMo)
  2947 | D:4      | Killed JykeThePerson's ghost
  2947 | D:4      | Reached XP level 6. HP: 31/53 MP: 7/7
  3306 | D:4      | Reached skill level 1 in Shields
  3800 | D:5      | Entered Level 5 of the Dungeon
  3805 | D:5      | Noticed a phantom
  3809 | D:4      | Reached XP level 7. HP: 36/58 MP: 8/8
  3875 | D:5      | Reached *** piety under Lugonu
  4038 | D:5      | HP: 2/60 [hornet zombie (6)]
  4039 | D:5      | Slain by a hornet zombie

Skill      XL: |  1  2  3  4  5  6 |
---------------+-------------------+-----
Axes           | 2 3 |  3.6
Dodging        | 1 |  1.4
Armour         | 2 3 4 |  4.3
Fighting       | 4 |  4.8
Invocations    | 3 |  3.6
Shields        | 1 |  1.1

Action                   |  1- 3 |  4- 6 |  7- 9 || total
-------------------------+-------+-------+-------++-------
Melee: Hand axe          |    63 |   243 |    48 ||   354
Invok: Depart the Abyss  |     1 |       |       ||     1
  Use: Scroll            |     2 |    11 |       ||    13
       Potion            |       |     5 |       ||     5
  Eat: Chunk             |    10 |    20 |     4 ||    34
Armor: Leather armour    |     3 |       |       ||     3
       Chain mail        |    33 |    95 |       ||   128
       Plate armour      |       |    88 |    53 ||   141
Dodge: Dodged            |    29 |    76 |    16 ||   121
Block: Buckler           |     1 |    31 |    14 ||    46
